 Dungeon Crawl Stone Soup version 0.19.4-12-gccf7e64 (webtiles) character file.

1507 HeyBub the Poker (level 8, 0/69 HPs)
             Began as a Minotaur Fighter on Feb 27, 2017.
             Was a Follower of Dithmenos.
             Slain by a hellwing (10 damage)
             ... on level 3 of the Abyss.
             The game lasted 00:12:34 (4929 turns).

HeyBub the Poker (Minotaur Fighter)                 Turns: 4929, Time: 00:12:34

Health: 0/69       AC: 11    Str: 23    XL:     8   Next: 53%
Magic:  7/7        EV: 11    Int:  5    God:    Dithmenos [*.....]
Gold:   362        SH:  5    Dex: 10    Spells: 0 memorised, 7 levels left

rFire  + . .     SeeInvis .     e - +0 glaive
rCold  x . .     Gourm    .     b - +0 scale mail
rNeg   . . .     Faith    .     (shield currently unavailable)
rPois  .         Spirit   .     (helmet restricted)
rElec  .         Reflect  +     n - +0 cloak
rCorr  .         Harm     .     (no gloves)
MR     .....                    (no boots)
Stlth  ..........               f - +5 amulet of reflection
                                (no ring)
                                r - ring of fire

@: wreathed by umbra
A: retaliatory headbutt, horns 2, talons 1, molten scales 1
a: Renounce Religion


You were on level 3 of the Abyss.
You worshipped Dithmenos.
Dithmenos was aware of your devotion.
You were not hungry.

You visited 2 branches of the dungeon, and saw 7 of its levels.
You visited the Abyss 1 time.
You also visited: Ossuary.

You collected 401 gold pieces.
You spent 39 gold pieces at shops.

Inventory:

Hand Weapons
 a - a +1 trident
 e - a +0 glaive (weapon)
 S - a +1 trident of freezing
Missiles
 k - 5 steel javelins (quivered)
 I - 2 tomahawks
Armour
 b - a +0 scale mail (worn)
 c - a +0 shield
 l - a +1 large shield
 n - a +0 cloak (worn)
Jewellery
 f - a +5 amulet of reflection (around neck)
 h - an uncursed amulet of magic regeneration
 r - a ring of fire (left hand)
 t - an uncursed amulet of inaccuracy
 B - an uncursed amulet of the gourmand
 R - a +3 ring of dexterity {unknown}
Wands
 p - a wand of iceblast (6/15)
 F - a wand of polymorph (7/24)
Scrolls
 v - 3 scrolls of enchant armour
 w - 2 scrolls of remove curse
 y - 4 scrolls of amnesia
 C - a scroll of blinking {unknown}
 D - a scroll of fog {unknown}
 K - 2 scrolls of noise {unknown}
 O - a scroll of identify
 P - a scroll of recharging {unknown}
Potions
 d - 5 potions of might
 j - 8 potions of curing
 s - a potion of magic {unknown}
 u - a potion of cure mutation {unknown}
 x - 5 potions of lignification {unknown}
 A - 2 potions of brilliance {unknown}
 E - 2 potions of ambrosia {unknown}
 G - a potion of cancellation {unknown}
 J - 5 potions of flight {unknown}
 L - 10 potions of degeneration {unknown}
 M - 4 potions of heal wounds
 N - a potion of mutation {unknown}
 Q - a potion of agility {unknown}
Books
 m - a book of Misfortune

   Spells                             Type                      Level
   a - Confusing Touch                Hexes                        1
   b - Confuse                        Hexes                        3
   c - Gell's Gravitas                Hexes/Translocation          3
   d - Petrify                        Transmutation/Earth          4
   e - Metabolic Englaciation         Hexes/Ice                    5
   f - Yara's Violent Unravelling     Hexes/Transmutation          5
Comestibles
 g - 2 beef jerkies
 i - 2 royal jellies
 q - 3 fruits
 z - a meat ration
 H - a bread ration


   Skills:
 + Level 5.6 Fighting
 + Level 7.7 Polearms
 + Level 1.0 Throwing
 + Level 6.4 Armour
 + Level 3.2 Dodging
 + Level 0.5 Stealth
 + Level 7.5 Shields


You had 7 spell levels left.
You didn't know any spells.

Dungeon Overview and Level Annotations

Branches:
Dungeon (6/15)             Temple (1/1) D:5

Altars:
Ashenzari
Cheibriados
Dithmenos
Elyvilon
Gozag
Hepliaklqana
Kikubaaqudgha
Makhleb
Nemelex Xobeh
Okawaru
Qazlal
Ru
Sif Muna
Trog
Uskayaw
Xom
Yredelemnul
The Shining One

Shops:
D:4 ?


Innate Abilities, Weirdness & Mutations

You reflexively headbutt those who attack you in melee.
You have a pair of horns on your head.
You have sharp toenails.
You are partially covered in molten scales. (AC +2)


Message History

You slash the hellwing! Your headbutt misses the hellwing.
The hellwing is moderately wounded.
The hellwing hits you.
* * * LOW HITPOINT WARNING * * *
The hellwing misses you.
You hit the hellwing but do no damage. Your kick misses the hellwing.
The hellwing is moderately wounded.
The hellwing hits you but does no damage.
The hellwing barely misses you. The hellwing hits you!
* * * LOW HITPOINT WARNING * * *
The hellwing barely misses you.
You closely miss the hellwing. Your kick misses the hellwing.
The hellwing is moderately wounded.
The hellwing closely misses you. You furiously retaliate!
You headbutt the hellwing!
The hellwing hits you but does no damage.
You slash the hellwing! You headbutt the hellwing!
The hellwing is almost dead.
The hellwing hits you!
You die...

. . # . ## # ... .#
##.. . # # ..#....#.
## . .. ..#. .. #.#
# .#. # #... .## . #
. # ##.. ≈#... .
##### . ≈≈≈#. ## .#
###@#... #.. . .# #.
##44##4#..4≈≈ ♣#
...#..##4###4#.#
..≈..
##.......#..#.#.#.#≈
≈≈.. #..#####.#...
...#..#♣## #. #
#####.# ..#..# #. #
# # .# .#. ### ≈ #.
# #.# # .##.###### ≈
... .... .. ... ..#


You could see 3 hellwings.

Vanquished Creatures
  The ghost of raszama the Cutter, a novice TeFE of Dithmenos (D:5)
  2 orc warriors (D:6)
  A sky beast (D:5)
  An ice beast (D:5)
  A phantom (D:6)
  An ogre (D:5)
  A bullfrog (D:6)
  A scorpion (D:5)
  A howler monkey (D:5)
  A centaur zombie (Ossuary)
  A bullfrog skeleton (D:5)
  A hound (D:6)
  A jelly (D:5)
  Jessica (D:3)
  Natasha (thrice) (D:4)
  2 worker ants
  A killer bee zombie (D:5)
  A big kobold zombie (Ossuary)
  A hound skeleton (D:4)
  4 mummies (Ossuary)
  A worker ant zombie (D:5)
  3 gnolls (D:6)
  6 adders (D:2)
  A shadow imp (D:6)
  3 oozes
  2 worms
  A dart slug (D:2)
  2 leopard geckos (D:1)
  12 orcs
  8 bats
  2 giant cockroaches
  2 gnoll zombies (Ossuary)
  6 goblins
  5 hobgoblins
  7 jackals
  6 kobolds
  3 quokkas (D:2)
  A ball python (D:4)
  4 frilled lizards
  2 goblin zombies (Ossuary)
  A kobold zombie (Ossuary)
  A leopard gecko skeleton (D:4)
  An orc zombie (Ossuary)
  19 rats
126 creatures vanquished.

Notes
Turn   | Place    | Note
-------+----------+-------------------------------------------
     0 | D:1      | HeyBub the Minotaur Fighter began the quest for the Orb.
     0 | D:1      | Reached XP level 1. HP: 19/19 MP: 0/0
     1 | D:1      | Noticed an electric eel
   248 | D:1      | Reached XP level 2. HP: 24/27 MP: 1/1
   636 | D:1      | Reached XP level 3. HP: 32/33 MP: 2/2
   719 | D:2      | Reached XP level 4. HP: 9/40 MP: 3/3
  1151 | D:2      | Reached skill level 5 in Shields
  1318 | D:2      | Reached skill level 1 in Dodging
  1563 | D:3      | Noticed a moth of wrath
  1566 | D:3      | Found a bloodstained altar of Trog.
  1645 | D:3      | Noticed Jessica
  1656 | D:3      | Killed Jessica
  1656 | D:3      | Reached XP level 5. HP: 46/46 MP: 4/4
  2090 | D:4      | Noticed Natasha
  2096 | D:4      | Killed Natasha
  2201 | D:4      | Found Pexkadog's Magic Scroll Boutique.
  2203 | D:4      | Noticed Natasha
  2218 | D:4      | Killed Natasha
  2221 | D:4      | Bought a scroll of remove curse for 39 gold pieces
  2242 | D:4      | Noticed a wraith
  2358 | D:4      | Noticed a hand axe
  2359 | D:4      | Found a hide-covered altar of Uskayaw.
  2359 | D:4      | Noticed a hand axe
  2364 | D:4      | Noticed Natasha
  2370 | D:4      | Killed Natasha
  2370 | D:4      | Reached XP level 6. HP: 49/53 MP: 5/5
  2772 | D:5      | Entered Level 5 of the Dungeon
  2895 | D:5      | Noticed a sky beast
  2941 | D:5      | Killed a sky beast
  2946 | D:5      | Gained mutation: You are partially covered in molten scales. (AC +2) [mutagenic meat]
  2947 | D:5      | Gained mutation: You have sharp toenails. [mutagenic meat]
  2978 | D:5      | Reached skill level 5 in Armour
  3168 | D:5      | Found a staircase to the Ecumenical Temple.
  3178 | Temple   | Entered the Ecumenical Temple
  3439 | D:5      | Noticed raszama's ghost (novice TeFE)
  3448 | D:5      | Killed raszama's ghost
  3448 | D:5      | Reached skill level 5 in Polearms
  3448 | D:5      | Reached XP level 7. HP: 56/60 MP: 6/6
  3479 | D:5      | Reached skill level 5 in Fighting
  3520 | D:5      | Found a shadowy altar of Dithmenos.
  3529 | D:5      | Became a worshipper of Dithmenos the Shadowed
  3865 | D:6      | Reached XP level 8. HP: 68/68 MP: 7/7
  3933 | D:6      | HP: 2/68 [orc warrior/glaive (18)]
  3943 | D:6      | Reached skill level 1 in Throwing
  4116 | D:6      | Found a sand-covered staircase.
  4121 | Ossuary  | Entered an ossuary
  4440 | D:6      | Reached * piety under Dithmenos
  4544 | D:6      | Cast into level 1 of the Abyss (orc)
  4711 | Abyss:2  | Found a corrupted altar of Lugonu.
  4781 | Abyss:2  | Noticed a thrashing horror
  4827 | Abyss:2  | Noticed a thrashing horror
  4908 | Abyss:3  | Noticed a hellwing
  4908 | Abyss:3  | Noticed a hellwing
  4908 | Abyss:3  | Noticed a hellwing
  4929 | Abyss:3  | Slain by a hellwing

Skill      XL: |  1  2  3  4  5  6  7  8 |
---------------+-------------------------+-----
Fighting       | 4 5 |  5.6
Shields        | 4 5 6 7 |  7.5
Armour         | 4 5 6 |  6.4
Polearms       | 3 4 5 6 7 |  7.7
Dodging        | 1 2 3 |  3.2
Throwing       | 1 |  1.0
Stealth        | |  0.5

Action                   |  1- 3 |  4- 6 |  7- 9 || total
-------------------------+-------+-------+-------++-------
Melee: Trident           |   120 |   221 |    74 ||   415
       Headbutt          |    11 |    36 |    19 ||    66
       Kick              |       |     8 |    23 ||    31
       Glaive            |       |       |    60 ||    60
Throw: Javelin           |       |       |    10 ||    10
  Use: Scroll            |       |     7 |     6 ||    13
       Potion            |       |     1 |     2 ||     3
  Eat: Bread ration      |       |     2 |       ||     2
       Chunk             |       |     2 |       ||     2
       Meat ration       |       |     1 |       ||     1
Armor: Scale mail        |    81 |    76 |    38 ||   195
Dodge: Dodged            |    31 |    29 |    45 ||   105
Block: Shield            |    14 |       |       ||    14
       Large shield      |    97 |   163 |    51 ||   311
       Other             |       |       |    18 ||    18
